 Dungeon Crawl Stone Soup version 0.28-a0-268-g3f656e82c2 (webtiles) character file.

Game seed: 12936287633234075734

39 theanonym the Sneak (level 3, -2/29 HPs)
             Began as a Mummy Delver on Aug 29, 2021.
             Slain by an iguana (12 damage)
             ... on level 4 of the Dungeon.
             The game lasted 00:01:02 (611 turns).

theanonym the Sneak (Mummy Delver)                   Turns: 611, Time: 00:01:02

Health: -2/29      AC:  4    Str: 16    XL:     3   Next: 28%
Magic:  3/3        EV: 11    Int:  9    God:
Gold:   49         SH:  0    Dex: 13    Spells: 2/2 levels left

rFire   x . .      SeeInvis .   a - +0 spear
rCold   + . .      Faith    .   (no shield)
rNeg    + + +      Spirit   .   b - +0 leather armour
rPois   ∞          Reflect  .   (no helmet)
rElec   .          Harm     .   g - scarf {+Inv}
rCorr   .          Rampage  .   h - +0 pair of gloves
Will    .....                   (no boots)
Stlth   ++........              (no amulet)
HPRegen 0.09/turn               (no ring)
MPRegen 0.08/turn               (no ring)

@: no status effects
A: cold resistance 1, negative energy resistance 3, torment resistance 2, heat
vulnerability 1, no potions
a: Evoke Invisibility


Innate Abilities, Weirdness & Mutations

You are immune to poison.
Your flesh is cold resistant. (rC+)
You are immune to negative energy. (rN+++)
You are immune to unholy pain and torment.
You are vulnerable to heat. (rF-)
You do not drink.


   Skills:
 + Level 3.5 Fighting
 * Level 2.6 Polearms
 - Level 1.5 Dodging
 - Level 4.1 Stealth


You had 2 spell levels left.
You didn't know any spells.
Your spell library was empty.

Skill      XL: |  1 |
---------------+----+-----
Polearms       | 2 |  2.6
Fighting       | |  3.5
Dodging        | |  1.5
Stealth        | |  4.1

Action                   || total
-------------------------++-------
Melee: Spear             ||    61
 Stab: Sleeping          ||     1
Armor: Leather armour    ||     8
Dodge: Dodged            ||    35

Inventory:

Hand Weapons
 a - a +0 spear (weapon)
Armour
 b - a +0 leather armour (worn)
 g - a scarf of invisibility (worn)
 h - a +0 pair of gloves (worn)
Wands
 c - a wand of digging (3)
Scrolls
 d - a scroll of enchant armour {unknown}
 e - 2 scrolls of fear
 f - a scroll of fog
 y - a scroll of magic mapping


You were on level 4 of the Dungeon.
You visited 1 branch of the dungeon, and saw 2 of its levels.

You collected 49 gold pieces.

Dungeon Overview and Level Annotations

Branches:
Dungeon (5/15)
 Temple: D:4-7

Altars:
Uskayaw

Shops:
D:5 :

Annotations:
D:5 1 runed translucent door

####### #.....#
#######.....#
............#
)######.....#
......#.....#
.####.###.##############
.# #................ .#
#.....######@.##### .#
#####.# #l.# .# #.# #..#
.# #.# #... #.. .....
..# #..### .. .#.# # ..


You could see an iguana.

Notes
Turn   | Place    | Note
-------+----------+-------------------------------------------
     0 | D:5      | theanonym the Mummy Delver began the quest for the Orb.
     0 | D:5      | Reached XP level 1. HP: 18/18 MP: 1/1
    31 | D:5      | Found Ypnoana's Book Shoppe.
    88 | D:5      | Found a runed translucent gate.
   108 | D:5      | Found a hide-covered altar of Uskayaw.
   109 | D:5      | Noticed a sky beast
   121 | D:5      | Reached skill level 2 in Polearms
   128 | D:5      | HP: 8/18 [scorpion zombie (5)]
   134 | D:5      | HP: 8/18 [scorpion zombie (1)]
   137 | D:5      | HP: 2/18 [scorpion zombie (6)]
   143 | D:5      | Reached XP level 2. HP: 3/24 MP: 2/2
   143 | D:5      | Reached XP level 3. HP: 4/29 MP: 3/3
   608 | D:4      | HP: 10/29 [iguana (9)]
   611 | D:4      | Slain by an iguana

Vanquished Creatures
  A scorpion zombie (D:5)
  A shadow imp (D:5)
  An orc (D:4)
  A goblin (D:4)
  2 hobgoblins (D:4)
  A kobold (D:4)
7 creatures vanquished.

Vanquished Creatures (others)
  4 plants (D:5)
4 creatures vanquished.

Grand Total: 11 creatures vanquished

Table legend: (Time is in decaauts)
 A = Elapsed time spent in this place.
 B = Non-inter-level travel time spent in this place.
 C = Inter-level travel time spent in this place.
 D = Time resting spent in this place.
 E = Time spent auto-exploring this place.
 F = Levels seen in this place.
 G = Mean time per level.
                   A        B        C        D        E       F      G
               +--------+--------+--------+--------+--------+-----+--------+
         Total |    610 |    583 |     27 |    298 |    166 |   2 |  305.0 |
       Dungeon |    610 |    583 |     27 |    298 |    166 |   2 |  305.0 |
               +--------+--------+--------+--------+--------+-----+--------+

Top non-repeatable levels by time:
     D:5: 427 daAuts
     D:4: 183 daAuts
